 Dungeon Crawl Stone Soup version 0.27-a0-668-gb5737ff2c0 (webtiles) character file.

Game seed: 11723813320126930872

80 robertstho the Shooter (level 4, -4/38 HPs)
             Began as a Minotaur Hunter on Mar 17, 2021.
             Killed by nerve-wracking pain
             ... invoked by Grinder
              (14 damage)
             ... on level 3 of the Dungeon.
             The game lasted 00:02:26 (1782 turns).

robertstho the Shooter (Minotaur Hunter)            Turns: 1782, Time: 00:02:27

Health: -4/38      AC:  6    Str: 16    XL:     4   Next: 18%
Magic:  3/3        EV: 10    Int:  8    God:
Gold:   68         SH:  0    Dex: 12    Spells: 3/3 levels left

rFire    . . .     SeeInvis .   a - +1 shortbow
rCold    . . .     Faith    .   (shield currently unavailable)
rNeg     . . .     Spirit   .   i - +0 scale mail
rPois    .         Reflect  .   (helmet restricted)
rElec    .         Harm     .   (no cloak)
rCorr    .         Rampage  .   (no gloves)
Will     .....                  (no boots)
Stlth    ..........             h - amulet of the acrobat
HPRegen  0.12/turn              (no ring)
MPRegen  0.08/turn              (no ring)

@: no status effects
A: horns 2, retaliatory headbutt
a: no special abilities


You were on level 3 of the Dungeon.
You visited 1 branch of the dungeon, and saw 3 of its levels.

You collected 68 gold pieces.

Inventory:

Hand Weapons
 a - a +1 shortbow (weapon)
 c - a +0 vorpal war axe
Missiles
 d - 35 arrows (quivered ammo)
Armour
 i - a +0 scale mail (worn)
Jewellery
 h - an amulet of the acrobat (around neck)
Potions
 f - 2 potions of flight
 g - 4 potions of curing


   Skills:
 * Level 3.2 Fighting
 * Level 5.8 Bows
 * Level 0.8 Armour
 + Level 2.2 Dodging
 - Level 0.7 Stealth


You had 3 spell levels left.
You didn't know any spells.
Your spell library was empty.

Dungeon Overview and Level Annotations

Branches:
Dungeon (3/15)

Altars:
Ashenzari

Annotations:
D:2 Sigmund
D:3 Grinder


Innate Abilities, Weirdness & Mutations

You have a pair of horns on your head.
You reflexively headbutt those who attack you in melee.


Message History

A kobold is nearby!
As you read the scroll of identify, it crumbles to dust.
g - 4 potions of curing You shoot an arrow.
The arrow hits the kobold!
You kill the kobold!
You hear a shout!
Grinder comes into view.
You hear a shout!
You shoot an arrow. The arrow hits Grinder.
Grinder is lightly wounded.
An orc comes into view. It is wielding a +0 flail.
Grinder blinks!
You shoot an arrow. The orc shouts!
The arrow hits Grinder.
Grinder is lightly wounded.
Grinder gestures at you. Pain shoots through your body!
You shoot an arrow. The arrow hits Grinder.
Grinder is lightly wounded.
Okay, then.
You aren't carrying any scrolls.
Unknown command.
Okay, then.
Fire: 37 arrows
Press: ? - help, Q - select action Shift-Dir - straight line, f/p - Grinder
Aim: Grinder (lightly wounded, 58% to hit)
You shoot an arrow. The arrow hits Grinder!
Grinder is moderately wounded.
Grinder gestures at you. Pain shoots through your body!
* * * LOW HITPOINT WARNING * * *
Fire: 36 arrows
Press: ? - help, Q - select action Shift-Dir - straight line, f/p - Grinder
Aim: Grinder (moderately wounded, 58% to hit)
You shoot an arrow. The arrow hits Grinder.
Grinder is heavily wounded.
Grinder gestures at you. Pain shoots through your body!
You die...

.........#..###........#
................###..###
...>......#...## #..#
...<..♣♣♣♣♣...# #..##
.....♣♣ ♣♣#.#####...#
....♣♣ ♣.....#..#.#
....♣ #.##......# ...♣♣
#.....##### ... ##..@##
.(♣ .((5..#.# ..
.##o..... #..>(##. #....
#. #...♣ .. #... #. ....
$.


You could see Grinder and an orc.

Vanquished Creatures
  3 adders (D:2)
  A worm (D:2)
  2 dart slugs (D:1)
  2 leopard geckos (D:1)
  A ball python (D:2)
  3 giant cockroaches
  2 goblins
  6 hobgoblins
  6 jackals
  A quokka (D:2)
  3 bats
  4 frilled lizards
  4 kobolds
  5 rats
43 creatures vanquished.

Notes
Turn   | Place    | Note
-------+----------+-------------------------------------------
     0 | D:1      | robertstho the Minotaur Hunter began the quest for the Orb.
     0 | D:1      | Reached XP level 1. HP: 18/18 MP: 0/0
    55 | D:1      | Reached XP level 2. HP: 25/25 MP: 1/1
    90 | D:1      | Reached skill level 5 in Bows
   783 | D:2      | Reached XP level 3. HP: 23/30 MP: 2/2
  1391 | D:2      | Reached XP level 4. HP: 38/38 MP: 3/3
  1462 | D:2      | Noticed Sigmund
  1594 | D:2      | Found a broken altar of Ashenzari.
  1743 | D:3      | Found a faded altar of an unknown god.
  1777 | D:3      | Noticed Grinder
  1782 | D:3      | Killed from afar by Grinder

Illustrated notes

Levels and vault maps discovered:
D:1:      saegor_arrival_simple_c, layout_loops_ring
D:2:      layout_basic, lemuel_coloured_pillars_altar, minivault_27,
          uniq_sigmund
D:3:      layout_rooms, serial_forest, infiniplex_forest_lined_room_3,
          infiniplex_forest_lined_1, infiniplex_forest_end_2,
          infiniplex_forest_straight_3, infiniplex_forest_side_room,
          infiniplex_forest_end_2, serial_shops, nicolae_shop_statue_plus,
          chequers_ecumenical_altar_twisty, uniq_grinder, uniq_jessica

Skill      XL: |  1  2  3 |
---------------+----------+-----
Bows           | 5 |  5.8
Fighting       | 3 |  3.2
Armour         | |  0.8
Dodging        | |  2.2
Stealth        | |  0.7

Action                   |  1- 3 |  4- 6 || total
-------------------------+-------+-------++-------
 Fire: Shortbow          |    85 |    17 ||   102
  Use: Scroll            |     1 |     1 ||     2
Armor: Scale mail        |     4 |     2 ||     6
Dodge: Dodged            |     8 |     2 ||    10

Table legend: (Time is in decaauts)
 A = Elapsed time spent in this place.
 B = Non-inter-level travel time spent in this place.
 C = Inter-level travel time spent in this place.
 D = Time resting spent in this place.
 E = Time spent auto-exploring this place.
 F = Levels seen in this place.
 G = Mean time per level.
                   A        B        C        D        E       F      G
               +--------+--------+--------+--------+--------+-----+--------+
         Total |   1787 |   1643 |    144 |      0 |   1365 |   3 |  595.7 |
       Dungeon |   1787 |   1643 |    144 |      0 |   1365 |   3 |  595.7 |
               +--------+--------+--------+--------+--------+-----+--------+

Top non-repeatable levels by time:
     D:2: 928 daAuts
     D:1: 802 daAuts
     D:3: 55 daAuts
